 Dungeon Crawl Stone Soup version 0.31-a0-507-gbafd7f5274 (webtiles) character file.

Game seed: 18224694483060153614

331 Newt the Changeling (level 6, 0/47 HPs)
             Began as a Merfolk Shapeshifter on Aug 9, 2023.
             Slain by a centaur (2 damage)
             ... on level 4 of the Dungeon.
             The game lasted 00:04:16 (3520 turns).

Newt the Changeling (Merfolk Shapeshifter)          Turns: 3520, Time: 00:04:17

Health: 0/47       AC:  2    Str: 21      XL:     6   Next: 52%
Magic:  6/6        EV: 12    Int:  6 (7)  God:
Gold:   1099       SH:  0    Dex: 15      Spells: 5/5 levels left

rFire   . . .        h - melded +0 spear
rCold   x . .        (shield currently unavailable)
rNeg    + . .        a - +0 animal skin
rPois   +            (no helmet)
rElec   .            (no cloak)
rCorr   .            (no gloves)
SInv    .            (no boots)
Will    .....        (no amulet)
Stlth   +            k - ring of positive energy
HPRegen 0.27/turn    p - ring "Juosch" {rPois rC- Str+4 Slay+2}
MPRegen 0.10/turn

%: no passive effects
@: flux-form, attractive, glowing
A: glow, contaminating, (nimble swimmer 2), mertail
a: Begin Untransformation


You were on level 4 of the Dungeon.
You were something dangerously unstable.
You visited 1 branch of the dungeon, and saw 5 of its levels.

You collected 1099 gold pieces.

Inventory:

Hand Weapons
 g - a +0 short sword
 h - a +0 spear (melded)
 q - a +0 dagger of venom
Armour
 a - a +0 animal skin (worn)
 i - a +2 cloak
 m - a scarf of shadows
Jewellery
 k - a ring of positive energy (left hand)
 n - a ring of fire
 p - the ring "Juosch" (right hand) {rPois rC- Str+4 Slay+2}
   (You found it on level 3 of the Dungeon)

   [ring of poison resistance]

   Str+4:     It affects your strength (+4).
   Slay+2:    It affects your accuracy & damage with ranged weapons and melee
   (+2).
   rC-:       It makes you vulnerable to cold.
   rPois:     It protects you from poison
 r - a ring of magical power
Talismans
 c - a beast talisman
 d - a flux talisman (active)
 o - a serpent talisman
Scrolls
 l - 3 scrolls of noise
 t - a scroll of vulnerability {unknown}
 u - a scroll of revelation
 w - a scroll of identify
 x - a scroll of teleportation {unknown}
Potions
 e - 2 potions of degeneration
 j - 2 potions of brilliance
 s - a potion of cancellation
 v - a potion of attraction


   Skills:
 - Level 3.0 Fighting
 - Level 2.6 Dodging
 + Level 4.4 Unarmed Combat
 - Level 7.0 Shapeshifting


You had 5 spell levels left.
You didn't know any spells.
Your spell library was empty.

Dungeon Overview and Level Annotations

Branches:
Dungeon (5/15)
 Temple: D:4-7

Altars:
Dithmenos
Zin


Innate Abilities, Weirdness & Mutations

You are something dangerously unstable.
You glow with magical radiation, making you easy to see and hit.
Foes you strike become dangerously contaminated with magical radiation.
You are incapable of wielding weapons or throwing items.
((You are very nimble when in or above water. (Stealth+, EV+, Speed+++)))
Your lower body shifts to a powerful aquatic tail in water.


Message History

The phantom hits you.
* * * LOW HITPOINT WARNING * * *
The phantom blinks!
You blink.
Okay, then.
It was a potion of attraction.
You feel attractive to monsters.
The centaur shoots an arrow.
The arrow hits you.
* * * LOW HITPOINT WARNING * * *
The phantom barely misses you. The centaur is attracted toward you.
It was a potion of curing.
You feel better.
The centaur unwields a +0 orcbow.
The centaur closely misses you. The centaur kicks you.
* * * LOW HITPOINT WARNING * * *
The phantom closely misses you. The centaur hits you.
* * * LOW HITPOINT WARNING * * *
The centaur kicks you but does no damage.
Blink to where?
Press: ? - help, Dir - move target
As you read the scroll of blinking, it crumbles to dust.
The centaur wields a +0 orcbow.
The centaur shoots an arrow.
The arrow closely misses you. The phantom is attracted toward you.
The centaur is attracted toward you.
Unknown command.
Blink to where?
Press: ? - help, Dir - move target
As you read the scroll of blinking, it crumbles to dust.
The centaur is attracted toward you. The phantom is attracted toward you.
The centaur unwields a +0 orcbow.
The centaur misses you.
The centaur barely misses you. x2; The centaur misses you.
The phantom is attracted toward you.
You climb upwards.
There is a stone staircase leading down here.
You hit the centaur.
The centaur begins to glow.
The centaur is lightly wounded.
The centaur hits you.
* * * LOW HITPOINT WARNING * * *
The centaur closely misses you.
You punch the centaur!
The centaur glows dangerously bright.
The centaur is heavily wounded.
The centaur hits you.
You die...

#..............#..##....###......
#...#............####.##.........
.#..##..#........................
....##..#....##..................
###.##.................#..#......
##...#................##..#......
##..##................##..#......
#...#.......#....c.....##........
..#........##...B.......)........
..#...........###..#......#...#..
..............###.###....###..###
####..........#...##.#...##...###
..###........#....>..<.........##
.####...........#................
....)..........##................
..#.............#...........>....
..##.....##......................


You could see a centaur (heavy contam).

Vanquished Creatures
  Blork the orc (D:5)
  A jelly (D:4)
  2 hounds (D:4)
  An iguana (D:4)
  A gnoll (D:1)
  5 adders
  3 worms
  4 dart slugs
  4 orcs (D:4)
  9 ball pythons
  7 endoplasms
  A giant cockroach (D:1)
  6 hobgoblins
  2 quokkas
  11 bats
  2 frilled lizards
  10 goblins
  A kobold (D:1)
  8 rats
79 creatures vanquished.

Notes
Turn   | Place    | Note
-------+----------+-------------------------------------------
     0 | D:1      | Newt the Merfolk Shapeshifter began the quest for the Orb.
     0 | D:1      | Reached XP level 1. HP: 15/15 MP: 1/1
   107 | D:1      | Reached XP level 2. HP: 18/23 MP: 2/2
   214 | D:1      | Reached XP level 3. HP: 23/29 MP: 3/3
  1502 | D:2      | Reached XP level 4. HP: 35/35 MP: 4/4
  1821 | D:3      | Identified the ring "Juosch" {rPois rC- Str+4 Slay+2}
  1926 | D:3      | Found a glowing silver altar of Zin.
  2029 | D:3      | Reached skill level 5 in Shapeshifting
  2492 | D:4      | Found a shadowy altar of Dithmenos.
  2533 | D:4      | Reached XP level 5. HP: 22/41 MP: 5/5
  2708 | D:4      | Reached skill level 6 in Shapeshifting
  2902 | D:4      | Identified a scroll of acquirement
  2902 | D:4      | Acquired 880 gold pieces
  3127 | D:4      | Reached XP level 6. HP: 43/47 MP: 6/6
  3500 | D:5      | Entered Level 5 of the Dungeon
  3500 | D:5      | Noticed Blork the orc
  3511 | D:5      | Killed Blork the orc
  3512 | D:5      | Reached skill level 7 in Shapeshifting
  3513 | D:5      | HP: 1/47 [centaur/arrow (6)]
  3519 | D:4      | HP: 1/47 [centaur (2)]
  3520 | D:4      | Slain by a centaur

Illustrated notes

Levels and vault maps discovered:
D:1:      tekkud_arrival_beachfront_property, layout_loops_ring,
          chequers_arboretum, dreamdust_mushroom_princess, minmay_unequal
D:2:      layout_loops_ring
D:3:      layout_rooms, mainiacjoe_overflow_surrounded_room,
          minmay_misc_feat_plants
D:4:      layout_cave_pools, grunt_dithmenos_smoke, kennysheep_nub,
          eino_small_chamber_without_monster, kennysheep_generic_room_12
D:5:      layout_gridville, nicolae_sif_muna_condensation,
          minmay_temple_entry_butterflies, serial_shops, nicolae_shop_peninsula,
          shop, nicolae_shop_behind_doors, shop, shop, minivault_24,
          grunt_ministairs_6, uniq_blork_the_orc, uniq_menkaure, uniq_duvessa,
          uniq_prince_ribbit1

Skill      XL: |  1  2  3  4  5  6 |
---------------+-------------------+-----
Fighting       | 2 3 |  3.0
Shapeshifting  | 5 6 7 |  7.0
Unarmed Combat | 4 |  4.4
Dodging        | |  2.6

Action                     |  1- 3 |  4- 6 || total
---------------------------+-------+-------++-------
  Melee: Short sword       |    12 |       ||    12
         Unarmed           |     1 |    43 ||    44
         Spear             |    92 |    93 ||   185
         Punch             |     4 |       ||     4
    Use: Scroll            |     3 |     8 ||    11
         Potion            |       |     4 ||     4
   Stab: Sleeping          |     2 |     4 ||     6
 Armour: Animal skin       |    20 |    14 ||    34
         Skin              |       |     7 ||     7
  Dodge: Dodged            |    81 |    72 ||   153
   Form: Flux              |       |     1 ||     1

Table legend: (Time is in decaauts)
 A = Elapsed time spent in this place.
 B = Non-inter-level travel time spent in this place.
 C = Inter-level travel time spent in this place.
 D = Time resting spent in this place.
 E = Time spent auto-exploring this place.
 F = Levels seen in this place.
 G = Mean time per level.
                   A        B        C        D        E       F      G
               +--------+--------+--------+--------+--------+-----+--------+
         Total |   3529 |   3419 |    110 |    312 |   2545 |   5 |  705.8 |
       Dungeon |   3529 |   3419 |    110 |    312 |   2545 |   5 |  705.8 |
               +--------+--------+--------+--------+--------+-----+--------+

Top non-repeatable levels by time:
     D:4: 1011 daAuts
     D:1: 881 daAuts
     D:2: 854 daAuts
     D:3: 764 daAuts
     D:5: 17 daAuts
